 Dungeon Crawl Stone Soup version 0.30-a0-170-g85af917532 (webtiles) character file.

Game seed: 2909793532092787307

280 qw the Chopper (level 6, -4/40 HPs)
             Began as a Gargoyle Fighter on Sept 30, 2022.
             Was an Initiate of Okawaru.
             Slain by an orc
             ... wielding a +0 flail
              (7 damage)
             ... on level 5 of the Dungeon.
             The game lasted 00:01:19 (3484 turns).

qw the Chopper (Gargoyle Fighter)                   Turns: 3484, Time: 00:01:20

Health: -4/40      AC: 15    Str: 21    XL:     6   Next: 27%
Magic:  6/6        EV:  9    Int:  9    God:    Okawaru [......]
Gold:   661        SH:  4    Dex:  9    Spells: 5/5 levels left

rFire   . . .      SeeInvis .    Y - +1 war axe
rCold   . . .      Faith    .    c - +0 buckler
rNeg    + . .      Spirit   .    b - +0 scale mail
rPois   inf        Reflect  .    f - +0 helmet
rElec   +          Harm     .    (no cloak)
rCorr   .          Rampage  .    h - +2 pair of gloves
Will    .....                    (no boots)
Stlth   ..........               (no amulet)
HPRegen 0.13/turn                (no ring)
MPRegen 0.10/turn                (no ring)

@: no status effects
A: sickness immunity, AC +4, negative energy resistance 1, electricity
resistance, torment resistance 1, petrification resistance
a: Renounce Religion


You were on level 5 of the Dungeon.
You worshipped Okawaru.
Okawaru was noncommittal.
You visited 2 branches of the dungeon, and saw 6 of its levels.

You collected 661 gold pieces.


Innate Abilities, Weirdness & Mutations

You are immune to sickness and miasma.
Your stone body is resilient. (AC +4)
You are immune to poison.
You resist negative energy. (rN+)
You are resistant to electric shocks. (rElec)
You are resistant to unholy torment.
You are immune to petrification.


   Skills:
 - Level 4.8 Fighting
 - Level 5.0 Axes
 - Level 3.2 Armour
 + Level 0.2 Dodging
 - Level 3.2 Shields


You had 5 spell levels left.
You didn't know any spells.
Your spell library was empty.

Inventory:

Hand Weapons
 j - a +0 whip
 Y - a +1 war axe (weapon)
Missiles
 l - 5 boomerangs (quivered)
Armour
 b - a +0 scale mail (worn)
 c - a +0 buckler (worn)
 f - a +0 helmet (worn)
 h - a +2 pair of gloves (worn)
Jewellery
 m - a ring of fire
Scrolls
 a - a scroll of identify
Potions
 d - 2 potions of might
 e - a potion of degeneration {unknown}
 i - 2 potions of curing
 k - a potion of ambrosia {unknown}
 n - a potion of mutation
 o - a potion of attraction {unknown}

Dungeon Overview and Level Annotations

Branches:
Dungeon (5/15)             Temple (1/1) D:4

Altars:
Elyvilon
Gozag
Hepliaklqana
Kikubaaqudgha
Makhleb
Nemelex Xobeh
Okawaru
Qazlal
Ru
Sif Muna
Trog
Uskayaw
Vehumet
Xom
Yredelemnul
Zin
The Shining One

Shops:
D:1 (


Message History

You hit the orc.
You kill the orc!
Okawaru accepts your kill.
You barely miss the orc. You hit the scorpion.
The scorpion stings you but does no damage.
The orc closely misses you. You block the orc's attack.
The scorpion stings you.
3479 ||| READING scroll of teleportation.
As you read the scroll of teleportation, it crumbles to dust.
You feel strangely unstable.
The scorpion stings you but does no damage.
You block the orc's attack. x2; The orc hits you with a +0 morningstar.
You hit the orc.
You kill the orc!
Okawaru accepts your kill.
You hit the scorpion but do no damage. You slash the orc!
You kill the orc!
Okawaru accepts your kill.
You completely miss the orc.
The scorpion stings you but does no damage.
You block the orc's attack.
You slash the scorpion!
The scorpion is severely wounded.
You barely miss the orc.
The scorpion stings you but does no damage.
The orc misses you.
The scorpion stings you but does no damage.
You closely miss the scorpion.
The scorpion is severely wounded.
You hit the orc but do no damage. The orc closely misses you.
You block the scorpion's attack.
You barely miss the scorpion.
The scorpion is severely wounded.
You barely miss the orc.
Your surroundings suddenly seem different.
An orc and a scorpion come into view.
The orc shouts!
Enter note: You closely miss the orc.
The orc hits you with a +0 flail!
You die...

##########
.........#
.........#
.......@.#
......o..#
.........#
....s....#
.........#
.........#
.........#
.........#


You could see a scorpion and an orc.

Vanquished Creatures
  A phantom (D:4)
  2 orc priests (D:4)
  A hound (D:4)
  Robin (D:4)
  3 adders
  A worm (D:3)
  A dart slug (D:3)
  6 orcs
  7 ball pythons
  7 bats
  3 endoplasms (D:1)
  2 giant cockroaches
  13 goblins
  9 hobgoblins
  2 jackals (D:1)
  8 kobolds
  5 rats
72 creatures vanquished.

Notes
Turn   | Place    | Note
-------+----------+-------------------------------------------
     0 | D:1      | qw the Gargoyle Fighter began the quest for the Orb.
     0 | D:1      | Reached XP level 1. HP: 14/14 MP: 1/1
     0 | D:1      | 0 ||| qw: Version: 0.2-a-12-gaebbb33
     0 | D:1      | 0 ||| qw: Game counter: 1531
     0 | D:1      | 0 ||| qw: Always use a shield: true
     0 | D:1      | 0 ||| qw: God list: Okawaru
     0 | D:1      | 0 ||| qw: Allow faded altars: false
     0 | D:1      | 0 ||| qw: Do Orc after D:15 true
     0 | D:1      | 0 ||| qw: Do second Lair branch before Depths: true
     0 | D:1      | 0 ||| qw: Lair rune preference: random
     0 | D:1      | 0 ||| qw: Plans: Normal, Zot:1-4, God:TSO, Crypt, Tomb,
                  | Pan, Slime:5, Hells, Abyss, Orb
     0 | D:1      | 0 ||| PLANNING D:1-11
     6 | D:1      | Found Vaapha Giyph's Antique Weapon Shoppe.
    24 | D:1      | 24 ||| SHOPLISTING mace (57 gold, have 0).
    24 | D:1      | 24 ||| SHOPLISTING whip (47 gold, have 0).
    32 | D:1      | Reached skill level 2 in Axes
    66 | D:1      | Reached XP level 2. HP: 19/19 MP: 2/2
   284 | D:1      | Found a faded altar of an unknown god.
   535 | D:1      | Reached skill level 3 in Axes
   709 | D:1      | Reached XP level 3. HP: 18/23 MP: 3/3
   946 | D:1      | 946 ||| READING 3 scrolls labelled BOAMEWKEYMIA.
   947 | D:1      | 947 ||| READING scroll labelled FEAF VENTADGHI.
   948 | D:1      | 948 ||| READING scroll labelled ZOATUU DONTOME.
   948 | D:1      | Identified a scroll of acquirement
   948 | D:1      | 948 ||| ACQUIRING 374 gold pieces
   948 | D:1      | Acquired 374 gold pieces
   950 | D:1      | 950 ||| READING scroll labelled ZUTUIGG PURA.
   951 | D:1      | 951 ||| READING scroll labelled MUNOENG AFIXTY.
   955 | D:1      | 955 ||| READING scroll labelled SOAC HECRUECE.
  1056 | D:1      | 1056 ||| DRINKING 2 smoky amethyst potions.
  1057 | D:1      | 1057 ||| READING 2 scrolls of identify.
  1057 | D:1      | 1057 ||| IDENTIFYING white potion
  1058 | D:1      | 1058 ||| DROPPING potion of flight.
  1215 | D:2      | 1215 ||| Stepping ~*~*~tactically~*~*~ (stealth).
  1327 | D:2      | 1327 ||| DROPPING +0 club.
  1469 | D:2      | 1469 ||| UPGRADING to +0 pair of gloves.
  1474 | D:2      | 1474 ||| DROPPING ring of flight.
  1475 | D:2      | 1475 ||| READING scroll labelled WUIMOI BEFUUPS.
  1476 | D:2      | 1476 ||| READING 2 scrolls labelled UTEBLA LOZUNI.
  1477 | D:2      | 1477 ||| READING scroll labelled HUARES SIZIR.
  1478 | D:2      | 1478 ||| READING 2 scrolls of identify.
  1478 | D:2      | 1478 ||| IDENTIFYING sedimented orange potion
  1479 | D:2      | 1479 ||| DROPPING scroll of immolation.
  1809 | D:3      | 1809 ||| Stepping ~*~*~tactically~*~*~ (stealth).
  1816 | D:3      | Reached XP level 4. HP: 28/28 MP: 4/4
  1843 | D:3      | Reached skill level 4 in Axes
  2202 | D:3      | 2202 ||| UPGRADING to +0 helmet.
  2207 | D:3      | 2207 ||| UPGRADING to +2 pair of gloves.
  2217 | D:3      | 2217 ||| DROPPING +0 pair of gloves.
  2218 | D:3      | 2218 ||| DRINKING 2 fizzy inky potions.
  2219 | D:3      | 2219 ||| DROPPING potion of invisibility.
  2249 | D:4      | 2249 ||| Stepping ~*~*~tactically~*~*~ (stealth).
  2251 | D:4      | 2251 ||| Stepping ~*~*~tactically~*~*~ (stealth).
  2253 | D:4      | 2253 ||| Stepping ~*~*~tactically~*~*~ (hiding).
  2254 | D:4      | 2254 ||| Stepping ~*~*~tactically~*~*~ (hiding).
  2423 | D:4      | Reached XP level 5. HP: 32/32 MP: 5/5
  2476 | D:4      | Found a staircase to the Ecumenical Temple.
  2477 | D:4      | 2477 ||| PLANNING TEMPLE
  2477 | D:4      | 2477 ||| FLEEEEING.
  2478 | D:4      | 2478 ||| FLEEEEING.
  2479 | D:4      | 2479 ||| FLEEEEING.
  2484 | D:4      | 2484 ||| FLEEEEING.
  2485 | D:4      | 2485 ||| FLEEEEING.
  2486 | D:4      | 2486 ||| FLEEEEING.
  2487 | D:4      | 2487 ||| FLEEEEING.
  2488 | D:4      | 2488 ||| FLEEEEING.
  2489 | D:4      | 2489 ||| FLEEEEING.
  2490 | D:4      | 2490 ||| FLEEEEING.
  2491 | D:4      | 2491 ||| FLEEEEING.
  2494 | D:4      | 2494 ||| FLEEEEING.
  2495 | D:4      | 2495 ||| FLEEEEING.
  2496 | D:4      | 2496 ||| FLEEEEING.
  2497 | D:4      | 2497 ||| FLEEEEING.
  2498 | D:4      | 2498 ||| FLEEEEING.
  2499 | D:4      | 2499 ||| FLEEEEING.
  2500 | D:4      | 2500 ||| FLEEEEING.
  2501 | D:4      | 2501 ||| FLEEEEING.
  2502 | D:4      | 2502 ||| FLEEEEING.
  2503 | D:4      | 2503 ||| FLEEEEING.
  2504 | D:4      | 2504 ||| FLEEEEING.
  2507 | D:4      | 2507 ||| FLEEEEING.
  2508 | D:4      | 2508 ||| FLEEEEING.
  2509 | D:4      | 2509 ||| FLEEEEING.
  2513 | D:4      | 2513 ||| FLEEEEING.
  2514 | D:4      | 2514 ||| FLEEEEING.
  2515 | D:4      | 2515 ||| STAIRDANCE
  2671 | D:3      | 2671 ||| READING scroll labelled XEISHR WAEPUDWU.
  2674 | D:4      | 2674 ||| STAIRDANCE
  2680 | D:4      | 2680 ||| STAIRDANCE
  2718 | D:4      | 2718 ||| FLEEEEING.
  2719 | D:4      | 2719 ||| FLEEEEING.
  2740 | D:4      | 2740 ||| FLEEEEING.
  2741 | D:4      | 2741 ||| FLEEEEING.
  2746 | D:4      | 2746 ||| FLEEEEING.
  2747 | D:4      | 2747 ||| FLEEEEING.
  2748 | D:4      | 2748 ||| FLEEEEING.
  2749 | D:4      | 2749 ||| FLEEEEING.
  2750 | D:4      | 2750 ||| FLEEEEING.
  2751 | D:4      | 2751 ||| FLEEEEING.
  2753 | D:4      | 2753 ||| FLEEEEING.
  2757 | D:4      | 2757 ||| FLEEEEING.
  2758 | D:4      | 2758 ||| FLEEEEING.
  2759 | D:4      | 2759 ||| FLEEEEING.
  2760 | D:4      | 2760 ||| FLEEEEING.
  2761 | D:4      | 2761 ||| FLEEEEING.
  2762 | D:4      | 2762 ||| FLEEEEING.
  2763 | D:4      | 2763 ||| FLEEEEING.
  2764 | D:4      | 2764 ||| FLEEEEING.
  2765 | D:4      | 2765 ||| FLEEEEING.
  2766 | D:4      | 2766 ||| FLEEEEING.
  2767 | D:4      | 2767 ||| FLEEEEING.
  2768 | D:4      | 2768 ||| FLEEEEING.
  2773 | D:4      | 2773 ||| FLEEEEING.
  2774 | D:4      | 2774 ||| STAIRDANCE
  2782 | D:4      | 2782 ||| STAIRDANCE
  2829 | Temple   | Entered the Ecumenical Temple
  2917 | Temple   | 2917 ||| PLANNING OKAWARU WORSHIP
  2966 | Temple   | Became a worshipper of Warmaster Okawaru
  2967 | Temple   | 2967 ||| PLANNING D:1-11
  3014 | D:4      | 3014 ||| Stepping ~*~*~tactically~*~*~ (stealth).
  3016 | D:4      | 3016 ||| Stepping ~*~*~tactically~*~*~ (hiding).
  3027 | D:4      | 3027 ||| Stepping ~*~*~tactically~*~*~ (hiding).
  3028 | D:4      | Noticed Robin
  3038 | D:4      | Reached skill level 5 in Axes
  3040 | D:4      | Killed Robin
  3187 | D:4      | Noticed a phantom
  3188 | D:4      | 3188 ||| Stepping ~*~*~tactically~*~*~ (stealth).
  3210 | D:4      | Killed a phantom
  3211 | D:4      | Reached XP level 6. HP: 23/40 MP: 6/6
  3357 | D:4      | Found a sparkling altar of Nemelex Xobeh.
  3461 | D:5      | Entered Level 5 of the Dungeon
  3462 | D:5      | 3462 ||| PLANNING SEWER
  3470 | D:5      | 3470 ||| Stepping ~*~*~tactically~*~*~ (stealth).
  3478 | D:5      | HP: 7/40 [scorpion (5)]
  3479 | D:5      | 3479 ||| READING scroll of teleportation.
  3479 | D:5      | HP: 2/40 [orc/+0 morningstar (5)]
  3484 | D:5      | Slain by an orc

Levels and vault maps discovered:
D:1:      tarquinn_simple_flora_water_a, layout_basic,
          nicolae_ecumenical_snake_handling, serial_shops,
          nicolae_shop_competitors_out_of_business
D:2:      layout_rooms, minmay_tetromino_o2
D:3:      layout_basic
D:4:      layout_cave_pools, mainiacjoe_overflow_paths,
          minmay_temple_entry_proselytizer, chequers_serial_rivers_micro_a,
          chequers_serial_rivers_room_b, uniq_robin
D:5:      layout_rooms, serial_rivers, chequers_serial_rivers_micro_a,
          chequers_serial_rivers_micro_e, chequers_serial_rivers_micro_d,
          chequers_serial_rivers_micro_c, portal_sewer_entry_e
Temple:   nicolae_temple_elliptical

Skill      XL: |  1  2  3  4  5 |
---------------+----------------+-----
Axes           | 2 3 4 5 |  5.0
Fighting       | 4 |  4.8
Armour         | |  3.2
Dodging        | |  0.2
Shields        | |  3.2

Action                   |  1- 3 |  4- 6 || total
-------------------------+-------+-------++-------
Melee: War axe           |   105 |    88 ||   193
Throw: Boomerang         |    16 |    10 ||    26
  Use: Scroll            |    11 |     2 ||    13
       Potion            |     1 |     1 ||     2
Armor: Scale mail        |    56 |    63 ||   119
Dodge: Dodged            |    46 |    54 ||   100
Block: Buckler           |    22 |    20 ||    42

Table legend:
 A = Non-vault XP
 B = Vault XP
 C = Vault XP percentage of total XP
 D = Non-vault monster count
 E = Vault monster count
 F = Vault count percentage of total count
                 A         B        C        D         E       F
            +---------+---------+-------+---------+---------+-------
      Total |     319 |      81 |  20.2 |      55 |      17 |  23.6
            +---------+---------+-------+---------+---------+-------
        D:1 |      36 |       3 |   7.7 |      21 |       3 |  12.5
        D:2 |      22 |       1 |   4.3 |       7 |       1 |  12.5
        D:3 |      51 |       0 |   0.0 |      14 |       0 |   0.0
        D:4 |     198 |      77 |  28.0 |       9 |      13 |  59.1
        D:5 |      12 |       0 |   0.0 |       4 |       0 |   0.0
            +---------+---------+-------+---------+---------+-------
